 Dungeon Crawl Stone Soup version 0.30-b1-2-g02819fbbbe (webtiles) character file.

Game seed: 755533269284866648

532866 sanka the Slayer (level 25, -3/240 HPs)
             Began as a Hill Orc Air Elementalist on May 12, 2023.
             Was a High Priest of Okawaru.
             Killed from afar by a quicksilver dragon (38 damage)
             ... with a bolt of dispelling energy
             ... on level 3 of the Realm of Zot.
             The game lasted 03:26:00 (70483 turns).

sanka the Slayer (Hill Orc Air Elementalist)       Turns: 70483, Time: 03:26:00

Health: -3/240     AC: 52    Str: 18    XL:     25   Next: 70%
Magic:  28/28      EV: 17    Int: 15    God:    Okawaru [*****.]
Gold:   3873       SH: 36    Dex: 17    Spells: 22/28 levels left

rFire   + . .        b - +9 broad axe (heavy)
rCold   + + .        e - +10 tower shield of Ignorance {rN+ Int-4}
rNeg    + . .        g - +9 crystal plate armour "Bonuph" {Dex+3}
rPois   +            j - +2 helmet {SInv}
rElec   +            y - scarf {rC+ rF+}
rCorr   +            I - +2 pair of gloves
SInv    +            C - +2 pair of boots {Stlth+}
Will    ++++.        Z - amulet of Lafotoc {Rampage Will+ Regen+ rCorr} Stlth
                     U - ring "Ziachuaf" {rPois Dex+4}
HPRegen 1.40/turn    v - ring of the Median {rElec rC+ Will++ Int-4}
MPRegen 0.21/turn

%: rampage
@: heroic, studying 3 skills
A: clever 1, low MP 1, sturdy frame 1
}: 3/15 runes: serpentine, barnacled, silver
a: Renounce Religion, Heroism, Finesse, Duel


You were on level 3 of the Realm of Zot.
You worshipped Okawaru.
Okawaru was extremely pleased with you.
You visited 9 branches of the dungeon, and saw 45 of its levels.
You visited 1 bazaar.
You also visited: Ossuary, Bailey, Ice Cave and Wizlab.

You collected 9171 gold pieces.
You spent 5298 gold pieces at shops.

Inventory:

Hand Weapons
 b - a +9 heavy broad axe (weapon)
Missiles
 J - 8 curare-tipped darts {=f}
 Y - 5 throwing nets {=f}
Armour
 e - the +10 tower shield of Ignorance (worn) {rN+ Int-4}
   (You bought it in a shop on level 4 of the Dungeon)

   Int:       It affects your intelligence (-4).
   rN:        It protects you from negative energy.
 g - the +9 crystal plate armour "Bonuph" (worn) {Dex+3}
   (Okawaru gifted it to you on level 2 of the Vaults)

   Dex:       It affects your dexterity (+3).
 j - a +2 helmet of see invisible (worn)
 y - a scarf of resistance (worn)
 C - a +2 pair of boots of stealth (worn)
 I - a +2 pair of gloves (worn)
Jewellery
 a - the ring "Hehof" {rF+ Int+6 Dex+4 SInv}
   (You found it on level 3 of the Depths)

   [ring of intelligence]

   Int:       It affects your intelligence (+6).
   Dex:       It affects your dexterity (+4).
   rF:        It protects you from fire.
   SInv:      It lets you see invisible.
 l - a +6 ring of strength
 q - a ring of flight
 v - the ring of the Median (right hand) {rElec rC+ Will++ Int-4}
   (You found it on level 4 of the Snake Pit)

   [ring of protection from cold]

   Int:       It affects your intelligence (-4).
   rC:        It protects you from cold.
   rElec:     It insulates you from electricity.
   Will:      It greatly increases your willpower.
 U - the ring "Ziachuaf" (left hand) {rPois Dex+4}
   (You took it off a deep elf sorcerer on level 3 of the Elven Halls)

   [ring of poison resistance]

   Dex:       It affects your dexterity (+4).
   rPois:     It protects you from poison.
 Z - the amulet of Lafotoc (around neck) {Rampage Will+ Regen+ rCorr}
   (You found it on level 2 of the Snake Pit)

   [amulet of regeneration]

   Regen:     It increases your rate of health regeneration.
   rCorr:     It protects you from acid and corrosion.
   Rampage:   It bestows one free step when moving towards enemies.
   Will:      It increases your willpower.
Wands
 k - a wand of mindburst (17)
 p - a wand of flame (16)
 u - a wand of roots (54)
 K - a wand of digging (31)
 Q - a wand of quicksilver (9)
Scrolls
 c - 10 scrolls of blinking
 m - 4 scrolls of magic mapping
 r - 3 scrolls of silence {!r}
 t - 7 scrolls of fog
 w - 8 scrolls of immolation {!r}
 A - 31 scrolls of teleportation {@r4}
 B - a scroll of enchant armour
 F - 7 scrolls of poison {!r}
 G - 12 scrolls of fear
Potions
 d - 7 potions of might
 f - 8 potions of magic
 h - a potion of brilliance
 i - 3 potions of invisibility
 n - 18 potions of attraction {!q}
 o - 4 potions of resistance
 x - 5 potions of cancellation
 z - a potion of berserk rage {!q}
 H - 14 potions of curing {@q1}
 L - 8 potions of mutation {!q}
 R - 10 potions of ambrosia
 S - 6 potions of flight
 V - 8 potions of haste {@q3}
 X - 9 potions of heal wounds {@q2}
Miscellaneous
 E - a phial of floods


   Skills:
 + Level 22.6(27) Fighting
 - Level 13.0(18.0) Axes
 - Level 22.0(27) Armour
 - Level 22.0(27) Dodging
 - Level 1.5(6.5) Stealth
 - Level 22.0(27) Shields
 - Level 2.0 Spellcasting
 - Level 9.0 Conjurations
 - Level 8.0 Air Magic
 + Level 12.0 Invocations


You had 22 spell levels left.
You knew the following spells:

 Your Spells              Type           Power      Damage    Failure   Level
a - Shock                 Conj/Air       100%       1d9       6%          1
b - Static Discharge      Conj/Air       54%        2-5/arc   9%          2
c - Swiftness             Air            25%        N/A       22%         3

Your spell library contained the following spells:

 Spells                   Type           Power      Damage    Failure   Level
 Magic Dart               Conj           100%       1d8       4%          1
 Searing Ray              Conj           56%        2d6       7%          2
 Foxfire                  Conj/Fire      60%        2x1d7     30%         1
 Momentum Strike          Conj/Tloc      30%        3d8       41%         2
 Poisonous Vapours        Pois/Air       26%        N/A       50%         2
 Mephitic Cloud           Conj/Pois/Air  18%        N/A       50%         3
 Airstrike                Air            12%        2d(2-18)  56%         4
 Dazzling Flash           Conj/Hex       30%        N/A       65%         3
 Hailstorm                Conj/Ice       15%        3d5       65%         3
 Cigotuvi's Dreadful Rot  Necr/Pois/Air  18%        N/A       69%         2
 Vhi's Electric Charge    Tloc/Air       26%        N/A       73%         3
 Arcjolt                  Conj/Air       13%        1d23      85%         5
 Apportation              Tloc           2%         N/A       88%         1
 Beastly Appendage        Tmut           2%         N/A       88%         1
 Freeze                   Ice            4%         1d3       88%         1
 Necrotise                Necr           4%         1d4       88%         1
 Sting                    Tmut/Pois      4%         1d3       88%         1
 Blink                    Tloc           2%         N/A       96%         2
 Ensorcelled Hibernation  Hex/Ice        2%         N/A       96%         2
 Lesser Beckoning         Tloc           2%         N/A       96%         2
 Passwall                 Tmut/Erth      0%         N/A       96%         2
 Sublimation of Blood     Necr           1%         N/A       96%         2
 Wereblood                Tmut           1%         N/A       96%         2
 Flame Wave               Conj/Fire      15%        2d7       96%         4
 Fulminant Prism          Conj/Hex       7%         3d6       96%         4
 Iskenderun's Mystic Bla  Conj/Tloc      15%        2d5       96%         4
 Sticky Flame             Conj/Fire      15%        2d4       96%         4
 Frozen Ramparts          Ice            2%         1d1       99%         3
 Gell's Gravitas          Tloc           1%         N/A       99%         3
 Inner Flame              Hex/Fire       1%         N/A       99%         3
 Ozocubu's Armour         Ice            1%         N/A       99%         3
 Spider Form              Tmut/Pois      1%         N/A       99%         3
 Teleport Other           Tloc           1%         N/A       99%         3
 Volatile Blastmotes      Fire/Tloc      2%         2d10      99%         3
 Freezing Cloud           Conj/Ice/Air   9%         6-21      99%         5
 Anguish                  Hex/Necr       0%         N/A       100%        4
 Cause Fear               Hex            0%         N/A       100%        4
 Dispel Undead            Necr           1%         3d6       100%        4
 Ice Form                 Ice/Tmut       1%         N/A       100%        4
 Leda's Liquefaction      Hex/Erth       0%         N/A       100%        4
 Olgreb's Toxic Radiance  Pois           1%         N/A       100%        4
 Passage of Golubria      Tloc           1%         N/A       100%        4
 Petrify                  Tmut/Erth      1%         N/A       100%        4
 Fireball                 Conj/Fire      7%         3d5       100%        5
 Irradiate                Conj/Tmut      7%         3d14      100%        5
 Lee's Rapid Deconstruct  Erth           0%         3d4*      100%        5
 Silence                  Hex/Air        6%         N/A       100%        5
 Conjure Ball Lightning   Conj/Air       13%        3x3d6     100%        6
 Eringya's Noxious Bog    Tmut/Pois      0%         N/A       100%        6
 Starburst                Conj/Fire      7%         6d4       100%        6
 Statue Form              Tmut/Erth      0%         N/A       100%        6
 Dragon Form              Tmut           0%         N/A       100%        7
 Enfeeble                 Hex            0%         N/A       100%        7
 Orb of Destruction       Conj           14%        9d7       100%        7
 Ozocubu's Refrigeration  Ice            0%         4d7       100%        7
 Storm Form               Tmut/Air       6%         N/A       100%        7
 Lehudib's Crystal Spear  Conj/Erth      7%         10d3      100%        8
 Maxwell's Capacitive Co  Air            12%        ∞         100%        8
 Summon Small Mammal      Summ           Unusable   N/A       N/A         1
 Summon Lightning Spire   Summ/Air       Unusable   N/A       N/A         4
 Summon Guardian Golem    Hex/Summ       Unusable   N/A       N/A         3
 Animate Armour           Summ/Erth      Unusable   N/A       N/A         4
 Summon Ice Beast         Ice/Summ       Unusable   N/A       N/A         4
 Summon Forest            Summ/Tloc      Unusable   N/A       N/A         5
 Death Channel            Necr           Unusable   N/A       N/A         6
 Spellforged Servitor     Conj/Summ      Unusable   N/A       N/A         7
 Dragon's Call            Summ           Unusable   N/A       N/A         9

Dungeon Overview and Level Annotations

Branches:
Dungeon (15/15)            Temple (0/1) D:5            Lair (5/5) D:9
 Shoals (4/4) Lair:3        Snake (4/4) Lair:2        Slime (0/5) Lair:4
    Orc (2/2) D:11            Elf (3/3) Orc:2        Vaults (5/5) D:13
  Crypt (0/3) Vaults:3     Depths (4/4) D:15            Zot (3/5) Depths:4
Ossuary (visited)          Bailey (visited)           IceCv (visited)
 WizLab (visited)

Altars:
Kikubaaqudgha
Nemelex Xobeh
Okawaru
Ru
Trog
Uskayaw
Wu Jian
Xom
The Shining One
Beogh
Lugonu

Shops:
D:4 [   D:5 (   D:10 =   D:14 ***   Orc:2 (=*[   Elf:3 (   Shoals:2 *
Shoals:4 (   Snake:1 (   Snake:3 ![[[   Snake:4 (   Vaults:1 [:[   Vaults:2 [!?
Vaults:3 [(!:=   Vaults:4 ?   Depths:1 :=:   Depths:3 [

Portals:
Hell: Depths:1 Depths:2 Depths:3 Depths:4
Abyss: Lair:5 Depths:3 Depths:4
Pandemonium: Depths:2 Depths:4
Ziggurat: Depths:2

Annotations:
Shoals:3 3 runed translucent doors, Heezod's ghost, journeyman MiBe; Qatuad's ghost, adept GnFi; Tang's ghost, adept TeAE
Vaults:3 2 transporters, astronautguy's ghost, master FoEE
Depths:3 2 transporters
Zot:2 5 transporters
Zot:3 3 runed translucent doors


Innate Abilities, Weirdness & Mutations

Your mind is acute. (Int +4, Str/Dex -1)
Your magical capacity is low. (-10% MP)
Your movements are slightly less encumbered by armour. (ER -2)


Message History

The yellow draconian annihilator gestures wildly while chanting.
The yellow draconian annihilator blinks!
Unknown command.
Unknown command.
You slash the purple draconian!
The purple draconian is severely wounded.
You closely miss the quicksilver dragon.
You block the quicksilver dragon's attack. x2
The quicksilver dragon closely misses you.
The quicksilver dragon completely misses you.
The yellow draconian annihilator mumbles some strange words.
The yellow draconian annihilator blinks!
The purple draconian hits you with a +0 short sword!
* * * LOW HITPOINT WARNING * * *
Unknown command.
You chop the yellow draconian annihilator into pieces!!!
You kill the yellow draconian annihilator!
Okawaru accepts your kill.
You hit the quicksilver dragon but do no damage.
You slash the purple draconian!
You block the quicksilver dragon's attack.
The quicksilver dragon claws you but does no damage.
The purple draconian breathes dispelling energy at you.
The bolt of dispelling energy hits you!!
* * * LOW HITPOINT WARNING * * *
Unknown command.
You closely miss the quicksilver dragon.
The quicksilver dragon is almost dead.
You slash the purple draconian!
You kill the purple draconian!
Okawaru accepts your kill. The quicksilver dragon bites you!
* * * LOW HITPOINT WARNING * * *
You block the quicksilver dragon's attack. x3
Your Invocations skill increases to level 12!
Unknown command.
You feel much better.
The quicksilver dragon breathes dispelling energy at you.
The bolt of dispelling energy hits you!!!
You die...

....##+++#
#........#
..........
#........#
.........
#........#
......#
###........#
......#
..#[)......#
......#
#.#........#
......#
#.#........#
......#
######)#D.......#
.....<#
.......@)...>...#
......#
######.#........#
......#
#.#......^.#
......#
#'#........#
###+###
...........#
...........#
............#
............


You could see a quicksilver dragon (catching breath).

Vanquished Creatures
  2 ancient liches (Vaults:5)
  Sojobo (Vaults:5)
  Vv (Zot:1)
  A curse toe (Zot:3)
  3 caustic shrikes (Depths:4)
  5 golden dragons
  Hellbinder (WizLab)
  2 electric golems
  Jorgrun (Shoals:2)
  Rupert (D:13)
  2 liches
  8 tentacled monstrosities
  2 deep elf master archers (Elf:3)
  Mlioglotl (Shoals:1)
  3 quicksilver dragons
  2 deep elf blademasters (Elf:2)
  2 titans (Vaults:5)
  6 death cobs
  10 sphinxes
  Polyphemus (Shoals:2)
  A kraken (Shoals:3)
  4 storm dragons
  9 tengu reavers
  5 shadow dragons
  Kirke (Snake:3)
  A daeva (Depths:2)
  7 draconian monks
  Ilsuiw (Shoals:2)
  5 deep elf sorcerers
  7 nagarajas
  3 draconian knights
  8 frost giants
  An iron dragon (Vaults:5)
  3 fire giants
  5 balrugs
  18 vault wardens
  2 draconian scorchers
  A curse skull (Vaults:3)
  A demonspawn blood saint (WizLab)
  2 orc warlords
  3 draconian shifters
  28 ironbound preservers
  2 deep elf elementalists (Elf:3)
  2 draconian stormcallers
  A reaper (Depths:4)
  24 very ugly things
  2 cacodemons (WizLab)
  4 draconian annihilators
  A war gargoyle (Vaults:5)
  5 ironbound thunderhulks
  8 stone giants
  2 lorocyprocas
  2 vampire knights
  7 green draconians
  3 black draconians (Zot:2)
  5 deep elf annihilators
  7 deep elf demonologists
  10 dire elephants
  7 purple draconians
  4 yellow draconians
  The ghost of diceflayer the Skirmisher, a journeyman DsHu of Okawaru (D:13)
  9 red draconians
  2 spark wasps
  4 white draconians
  3 green deaths (WizLab)
  7 ettins
  4 fire dragons
  Snorg (D:13)
  7 merfolk impalers
  Josephine (D:13)
  7 merfolk javelineers
  7 deep elf death magi
  A fire dragon (shapeshifter) (Depths:3)
  8 deep elf high priests
  15 yaktaur captains
  35 vault guards
  3 great orbs of eyes
  A salamander tyrant (Snake:4)
  4 entropy weavers
  2 rakshasas
  2 spriggan air magi
  2 merfolk avatars
  13 anacondas
  7 ice dragons
  2 hell beasts (WizLab)
  An ice dragon (shapeshifter) (Vaults:4)
  2 death knights
  The ghost of Vruhak the Cudgeller, a novice TrMo of the Shining One (D:8)
  3 hydras
  6 ironbound frosthearts
  4 catoblepae
  9 centaur warriors
  2 ogre magi (Vaults:5)
  10 merfolk aquamancers
  27 dancing weapons
  7 deep troll shamans
  A satyr (Shoals:2)
  7 two-headed ogres
  10 boulder beetles
  A vampire mage (Vaults:3)
  11 deep troll earth magi
  8 tengu warriors
  6 death yaks
  14 naga warriors
  2 thrashing horrors (Lair:5)
  Urug (Orc:2)
  2 orc high priests (Orc:2)
  8 naga sharpshooters
  3 sun demons
  3 sixfirhies
  3 soul eaters
  2 shock serpents
  23 deep elf knights
  A shadow wraith (Vaults:5)
  10 iron trolls
  4 skysharks
  7 salamander mystics
  6 skeletal warriors
  An iron troll (shapeshifter) (D:12)
  7 sea snakes
  67 deep trolls
  5 glowing orange brains
  8 naga ritualists
  18 deep elf archers
  22 ironbound convokers
  An orange crystal statue (Depths:1)
  40 deep elf pyromancers
  25 deep elf zephyrmancers
  8 lindwurms
  13 wizards
  11 harpies
  4 phantasmal warriors (Vaults:5)
  6 orc knights
  A harpy (shapeshifter) (D:14)
  6 necromancers
  2 wolf spiders
  4 fauns (Shoals:2)
  57 ugly things
  7 cyclopes
  3 oklob plants
  8 moths of wrath
  10 mana vipers
  8 orc sorcerers
  7 manticores
  A fire giant zombie (Vaults:5)
  21 salamanders
  Joseph (D:8)
  A manticore (shapeshifter) (Vaults:5)
  A shining eye (shapeshifter) (Vaults:5)
  2 rust devils
  An ice statue (IceCv)
  6 elephants
  19 naga magi
  A frost giant skeleton (Vaults:1)
  3 smoke demons
  2 merfolk sirens (Shoals:1)
  16 vault sentinels
  2 water nymphs (Shoals:4)
  9 guardian serpents
  5 cane toads
  32 black mambas
  2 torpor snails
  3 centaur skeletons (D:15)
  2 orange demons
  2 unseen horrors (D:12)
  2 kobold demonologists (D:12)
  A gargoyle (D:13)
  2 hellions (WizLab)
  43 yaktaurs
  3 rime drakes
  2 cane toads (shapeshifter) (Lair:5)
  A yaktaur zombie (Vaults:5)
  12 komodo dragons
  An ice devil (WizLab)
  5 tengu conjurers
  A komodo dragon (shapeshifter) (Lair:5)
  2 freezing wraiths
  A merfolk (shapeshifter) (D:12)
  7 red devils
  2 ancient zymes (Lair:5)
  2 queen bees
  3 hellwings
  17 polar bears
  30 merfolk
  9 trolls
  A troll (shapeshifter) (Elf:1)
  A polar bear (shapeshifter) (Vaults:5)
  4 meliai
  2 hornets (D:13)
  An ettin zombie (Vaults:1)
  4 wind drakes
  Grinder (D:6)
  A tarantella (Vaults:3)
  8 snapping turtles
  14 dream sheep
  37 blink frogs
  A raiju (shapeshifter) (D:13)
  2 shadows (D:11)
  Sigmund (D:2)
  A culicivora (Vaults:3)
  13 slime creatures
  A spriggan (Lair:5)
  41 yaks
  2 centaur simulacra (D:15)
  5 wraiths
  4 air elementals
  3 ynoxinuls
  12 water elementals
  4 vampires
  9 basilisks
  4 wyverns
  2 hogs (Snake:3)
  A golden eye (shapeshifter) (Lair:5)
  3 chaos spawn
  4 fire elementals
  A human (shapeshifter) (Elf:3)
  4 humans
  A redback (shapeshifter) (Vaults:5)
  A steam dragon (D:8)
  5 vampire mosquitoes
  7 redbacks
  A neqoxec (Depths:2)
  A swamp worm (shapeshifter) (Lair:5)
  43 nagas
  A warg (D:11)
  3 acid dragons
  3 large abominations (Lair:5)
  13 water moccasins
  31 orc warriors
  A sky beast (D:4)
  3 ice beasts (D:6)
  3 black bears
  The ghost of JamesMyths the Trooper, an amateur DsBe of Trog (D:4)
  8 ogres
  44 wolves
  3 boggarts (Vaults:1)
  11 centaurs
  A phantom (D:5)
  5 kobold brigands
  3 elf zombies (Ossuary)
  9 bullfrogs
  A gnoll sergeant (D:13)
  Blork the orc (D:5)
  A scorpion (D:4)
  5 small abominations (Lair:5)
  2 earth elementals (Elf:1)
  12 wights
  40 killer bees
  6 howler monkeys
  4 electric eels
  4 jellies
  5 hounds
  4 human zombies
  16 orc priests
  2 centaur zombies
  An iguana (D:4)
  Natasha (thrice) (D:2)
  2 sleepcaps
  18 orc wizards
  A yak simulacrum (Lair:5)
  5 polar bear simulacra (Lair:5)
  2 wolf simulacra (Lair:5)
  3 mummies
  Robin (D:2)
  6 gnolls
  A shadow imp (D:5)
  14 white imps
  3 ufetubi
  2 adder zombies (Ossuary)
  A worm (D:3)
  3 dart slugs
  91 orcs
  10 ball pythons
  7 endoplasms
  2 giant cockroaches
  16 goblins
  8 hobgoblins
  41 kobolds
  6 quokkas
  5 bats
  3 goblin zombies (Ossuary)
  9 hobgoblin zombies (Ossuary)
  2 jackal zombies (Ossuary)
  10 kobold zombies (Ossuary)
  5 orc zombies (Ossuary)
  5 rats
  3 river rat simulacra (Lair:5)
  A bush (Shoals:2)
  2 spectral weapons (Depths:3)
  2 tentacles (Shoals:3)
2038 creatures vanquished.

Vanquished Creatures (others)
  A draconian scorcher (Zot:2)
  A lorocyproca (Zot:3)
  A merfolk aquamancer (Shoals:4)
  A dancing weapon (Elf:2)
  A deep elf knight (Elf:3)
  A deep elf zephyrmancer (Elf:3)
  A merfolk (Shoals:2)
  2 orc wizards
  An orc (Orc:2)
  2 bushes
  33 fungi
  78 plants
  2 tentacles (Shoals:3)
  4 withered plants (Shoals:3)
129 creatures vanquished.

Grand Total: 2167 creatures vanquished

Notes
Turn   | Place    | Note
-------+----------+-------------------------------------------
     0 | D:1      | sanka the Hill Orc Air Elementalist began the quest for the
                  | Orb.
     0 | D:1      | Reached XP level 1. HP: 14/14 MP: 3/3
   131 | D:1      | Reached XP level 2. HP: 16/20 MP: 1/4
   710 | D:1      | Reached XP level 3. HP: 26/26 MP: 3/6
  1329 | D:2      | Noticed Natasha
  1340 | D:2      | Killed Natasha
  1341 | D:2      | Reached XP level 4. HP: 20/33 MP: 1/7
  1548 | D:2      | Learned a level 2 spell: Static Discharge
  1552 | D:2      | Learned a level 3 spell: Swiftness
  1618 | D:2      | Noticed Natasha
  1624 | D:2      | Killed Natasha
  1720 | D:2      | Noticed Sigmund
  1744 | D:2      | Noticed Natasha
  1758 | D:2      | Killed Natasha
  1759 | D:2      | Reached XP level 5. HP: 37/38 MP: 2/8
  1771 | D:2      | Noticed Robin
  1796 | D:2      | Killed Robin
  2143 | D:2      | Found a faded altar of an unknown god.
  2469 | D:2      | Killed Sigmund
  2470 | D:2      | Reached XP level 6. HP: 15/45 MP: 0/9
  2712 | D:3      | Found a sacrificial altar of Ru.
  2936 | D:3      | Found a shimmering altar of Xom.
  3135 | D:3      | Reached skill level 5 in Conjurations
  3622 | D:4      | Found Nouneis's Armour Shop.
  3686 | D:4      | Reached XP level 7. HP: 50/50 MP: 9/10
  3840 | D:4      | Noticed a wyvern
  3851 | D:4      | Killed a wyvern
  3892 | D:4      | Found a sand-covered staircase.
  3953 | Ossuary  | Entered an ossuary
  4367 | Ossuary  | Reached skill level 5 in Air Magic
  4571 | Ossuary  | Reached XP level 8. HP: 51/57 MP: 10/11
  5369 | D:4      | Found a transporter.
  5396 | D:4      | Found a transporter.
  5396 | D:4      | Noticed JamesMyths's ghost (amateur DsBe)
  6102 | D:5      | Entered Level 5 of the Dungeon
  6127 | D:5      | Noticed Blork the orc
  6136 | D:5      | Killed Blork the orc
  6269 | D:5      | Found Nusogit's Antique Weapon Boutique.
  6288 | D:5      | Found an iron altar of Okawaru.
  6459 | D:5      | Became a worshipper of Warmaster Okawaru
  6755 | D:5      | Reached XP level 9. HP: 62/62 MP: 12/12
  6859 | D:5      | Found a staircase to the Ecumenical Temple.
  7082 | D:6      | Reached skill level 1 in Fighting
  7082 | D:6      | Reached skill level 1 in Shields
  7129 | D:6      | Reached * piety under Okawaru
  7292 | D:6      | Found an ancient bone altar of Kikubaaqudgha.
  7299 | D:6      | Noticed Grinder
  7300 | D:6      | Paralysed by Grinder for 5 turns
  7326 | D:6      | Paralysed by Grinder for 3 turns
  7329 | D:6      | Killed Grinder
  7421 | D:6      | Reached skill level 1 in Invocations
  8004 | D:6      | Reached ** piety under Okawaru
  8554 | D:7      | Reached skill level 5 in Fighting
  8744 | D:7      | Reached skill level 5 in Shields
  8938 | D:7      | Identified a scroll of acquirement
  8939 | D:7      | Acquired 1109 gold pieces
  9026 | D:7      | Reached XP level 10. HP: 52/83 MP: 13/13
  9202 | D:4      | Bought the +10 tower shield of Ignorance {rN+ Int-4} for
                  | 687 gold pieces
  9202 | D:4      | Found the +10 tower shield of Ignorance {rN+ Int-4}
  9258 | D:7      | Found a sparkling altar of Nemelex Xobeh.
  9266 | D:7      | Identified the +1 robe of the King of the Hill {rPois rF-
                  | rCorr Dex+7}
  9679 | D:8      | Reached skill level 5 in Invocations
  9825 | D:8      | Noticed a two-headed ogre
  9866 | D:8      | Reached *** piety under Okawaru
  9918 | D:8      | Found a flagged portal.
  9954 | Bailey   | Entered a bailey
  9959 | Bailey   | Noticed an orc warlord
 10676 | Bailey   | Found a runed translucent gate.
 10683 | Bailey   | Found a runed translucent gate.
 10684 | Bailey   | Found a runed translucent gate.
 10976 | Bailey   | Killed an orc warlord
 10976 | Bailey   | Reached **** piety under Okawaru
 11145 | Bailey   | Identified the staff of cold "Kiacaucw" {rC+ Str+2 Dex+2
                  | Stlth+}
 11155 | Bailey   | Reached XP level 11. HP: 89/89 MP: 14/14
 11277 | D:8      | Noticed Vruhak's ghost (novice TrMo)
 11278 | D:8      | Found a transporter.
 11284 | D:8      | Found a bloodstained altar of Trog.
 11285 | D:8      | Noticed a moth of wrath
 11319 | D:8      | Found a transporter.
 11453 | D:8      | Noticed a two-headed ogre
 12048 | D:8      | Noticed Joseph
 12063 | D:8      | Killed Joseph
 12063 | D:8      | Reached ***** piety under Okawaru
 12064 | D:8      | Reached skill level 1 in Axes
 12477 | D:8      | Killed a two-headed ogre
 12631 | D:9      | Reached XP level 12. HP: 95/96 MP: 15/15
 12703 | D:9      | Noticed a two-headed ogre
 12715 | D:9      | HP: 3/96 [two-headed ogre/+0 giant club (11)]
 12716 | D:9      | Killed a two-headed ogre
 13263 | D:8      | Found a transporter.
 13269 | D:8      | Found a bloodstained altar of Trog.
 13304 | D:8      | Found a transporter.
 13825 | D:9      | Reached skill level 5 in Axes
 14515 | D:9      | Found a staircase to the Lair.
 14624 | D:10     | Entered Level 10 of the Dungeon
 14624 | D:10     | Noticed a two-headed ogre
 14783 | D:10     | Killed a two-headed ogre
 15381 | D:10     | Found Liorhec's Jewellery Boutique.
 15931 | D:11     | Noticed a boulder beetle
 15946 | D:11     | Killed a boulder beetle
 16001 | D:11     | Noticed a catoblepas
 16015 | D:11     | Killed a catoblepas
 16386 | D:11     | Found a staircase to the Orcish Mines.
 16751 | D:11     | Noticed a two-headed ogre
 16760 | D:11     | Killed a two-headed ogre
 16760 | D:11     | Received a gift from Okawaru
 17663 | Lair:1   | Entered Level 1 of the Lair of Beasts
 18256 | Lair:1   | Identified the +0 quarterstaff "Ocluofy" {flame, rCorr
                  | Int+2}
 18712 | Lair:1   | Reached skill level 10 in Axes
 18712 | Lair:1   | Reached skill level 15 in Shields
 18724 | Lair:1   | Reached XP level 13. HP: 88/102 MP: 3/16
 19905 | Lair:2   | Reached ****** piety under Okawaru
 19935 | Lair:2   | Identified the +0 pair of gloves of the Harvest {rC+
                  | Stlth+}
 20541 | Lair:2   | Found a staircase to the Snake Pit.
 20780 | Lair:2   | Identified the +1 pair of boots of the Land of Plenty
                  | {Str-3 Dex+3} (Okawaru gifted it to you on level 2 of the
                  | Lair of Beasts)
 20780 | Lair:2   | Received a gift from Okawaru
 21762 | Lair:3   | Found a frozen archway.
 21801 | IceCv    | Entered an ice cave
 23197 | IceCv    | Reached XP level 14. HP: 108/111 MP: 17/17
 23234 | IceCv    | Noticed a frost giant
 23396 | IceCv    | Killed a frost giant
 23790 | IceCv    | Got Kialas's Catalogue of the Snowflakes
 23792 | IceCv    | Got the Grimoire of Underground Ozone
 24550 | Lair:3   | Found a staircase to the Shoals.
 24754 | Lair:4   | Received a gift from Okawaru
 25164 | Lair:4   | Identified the +7 long sword "Neh Pomm" {flame, rElec rPois
                  | Will+ Str+2}
 26400 | Lair:4   | Found a staircase to the Slime Pits.
 27134 | Lair:5   | Entered Level 5 of the Lair of Beasts
 27404 | Lair:5   | Reached skill level 5 in Dodging
 27408 | Lair:5   | Received a gift from Okawaru
 28289 | Lair:5   | Reached skill level 10 in Fighting
 28551 | Lair:5   | Reached XP level 15. HP: 111/128 MP: 18/18
 28596 | Lair:5   | Got the Catalogue of Transfiguration
 28644 | Lair:5   | Found a corrupted altar of Lugonu.
 28644 | Lair:5   | Found a one-way gate to the infinite horrors of the Abyss.
 28668 | Lair:5   | Identified the +9 long sword of Wethim {freeze, Will+}
 29924 | D:4      | Killed JamesMyths's ghost
 30107 | D:8      | Killed Vruhak's ghost
 30122 | D:8      | Got the Directory of the Scorpion and Oxidation
 30232 | Orc:1    | Entered Level 1 of the Orcish Mines
 30869 | Orc:1    | You fall into a shaft and drop 1 floor!
 30869 | Orc:2    | Entered Level 2 of the Orcish Mines
 30869 | Orc:2    | Noticed an orc warlord
 31244 | Orc:2    | Found a staircase to the Elven Halls.
 31431 | Orc:1    | Killed an orc warlord
 31461 | Orc:2    | Found a roughly hewn altar of Beogh.
 32095 | Orc:2    | Noticed Urug
 32114 | Orc:2    | Killed Urug
 32303 | Orc:2    | Found Omaic's Jewellery Shop.
 32309 | Orc:2    | Found Kawixt's Antique Armour Shop.
 32322 | Orc:2    | Found Defo's General Store.
 32672 | Orc:2    | Found a runed translucent door.
 32742 | Orc:2    | Found Dixtom's Antique Weapon Shop.
 33134 | Orc:2    | Found a roughly hewn altar of Beogh.
 33204 | Orc:2    | Bought a steaming helmet for 285 gold pieces
 33204 | Orc:2    | Identified the +0 helmet of Gestures {rC+++ rN+++ Will-
                  | Int-4} (You bought it in a shop on level 2 of the Orcish
                  | Mines)
 33897 | D:12     | Found a runed translucent door.
 34037 | D:12     | Found a runed translucent door.
 34037 | D:12     | Found a runed translucent door.
 35117 | D:12     | HP: 6/134 [??? (2)]
 35118 | D:12     | Received a gift from Okawaru
 35444 | D:12     | Noticed an iron giant
 35508 | D:12     | an iron giant changed into a caustic shrike
 35508 | D:12     | Noticed a caustic shrike (shapeshifter)
 35552 | D:12     | a caustic shrike changed into an eleionoma
 35588 | D:12     | an eleionoma changed into a sphinx
 35588 | D:12     | Noticed a sphinx (shapeshifter)
 35605 | D:12     | a sphinx changed into a quicksilver dragon
 35605 | D:12     | Noticed a quicksilver dragon (shapeshifter)
 35665 | D:12     | a quicksilver dragon changed into a fenstrider witch
 35665 | D:12     | Noticed a fenstrider witch (shapeshifter)
 35704 | D:12     | a fenstrider witch changed into an iron troll
 35729 | D:12     | Reached XP level 16. HP: 116/141 MP: 19/19
 35932 | D:13     | Noticed Josephine
 35945 | D:13     | Killed Josephine
 36087 | D:13     | Noticed Snorg
 36100 | D:13     | Killed Snorg
 36115 | D:13     | Noticed Rupert
 36302 | D:13     | Killed Rupert
 36638 | D:13     | Found a hide-covered altar of Uskayaw.
 36769 | D:13     | Noticed diceflayer's ghost (journeyman DsHu)
 36793 | D:13     | Found a transporter.
 36798 | D:13     | Found a transporter.
 37404 | D:13     | Found a gate to the Vaults.
 38165 | D:14     | Received a gift from Okawaru
 38443 | D:14     | Found Qulohug's Assorted Antiques.
 38456 | D:14     | Bought a scroll of blinking for 172 gold pieces
 38456 | D:14     | Bought a scroll of identify for 46 gold pieces
 38456 | D:14     | Acquired 876 gold pieces
 38990 | D:14     | Found Illih's General Store.
 38991 | D:14     | Found Igoxt's Specific Store.
 39373 | D:14     | Bought a pitted chain mail for 218 gold pieces
 39373 | D:14     | Identified the +4 chain mail of the Hall of Blades {rElec
                  | rC+ rN+} (You bought it in a shop on level 14 of the
                  | Dungeon)
 39419 | D:14     | Bought a transparent scale mail for 207 gold pieces
 39419 | D:14     | Identified the +1 scale mail of Osadex Cidgh {rElec Regen+
                  | MP-9} (You bought it in a shop on level 14 of the Dungeon)
 39568 | Snake:1  | Entered Level 1 of the Snake Pit
 39725 | Snake:1  | Found Poesyzaz's Weapon Emporium.
 39847 | Snake:1  | Identified the +4 kite shield "Izyeh" {-Tele rElec rN+}
                  | (Okawaru gifted it to you on level 1 of the Snake Pit)
 39847 | Snake:1  | Received a gift from Okawaru
 40370 | Snake:2  | HP: 3/147 [naga/+3 halberd of venom (36)]
 40518 | Snake:2  | Identified the +4 morningstar "Jalunt" {elec, Fragile Str+2
                  | Dex+2 SInv}
 40722 | Snake:2  | Identified the amulet of Lafotoc {Rampage Will+ Regen+
                  | rCorr}
 40742 | Snake:2  | Reached skill level 10 in Dodging
 40974 | Snake:1  | Reached skill level 15 in Fighting
 40974 | Snake:1  | Reached XP level 17. HP: 129/156 MP: 20/20
 41804 | Snake:3  | Found Doennace's Antique Armour Shop.
 41817 | Snake:3  | Found Vunwaten's Armour Boutique.
 41817 | Snake:3  | Found Esylizyqatu's Distillery.
 41822 | Snake:3  | Found Lihan's Armour Boutique.
 41879 | Snake:3  | Bought a potion of cancellation for 120 gold pieces
 41879 | Snake:3  | Bought a potion of heal wounds for 75 gold pieces
 41879 | Snake:3  | Bought a potion of heal wounds for 75 gold pieces
 41879 | Snake:3  | Bought a potion of curing for 45 gold pieces
 41879 | Snake:3  | Bought a potion of degeneration for 15 gold pieces
 42279 | Snake:3  | Identified the amulet of the Countless Friends {Faith
                  | Will+}
 42308 | Snake:3  | Reached skill level 1 in Armour
 42486 | Snake:3  | Bought a runed cloak for 277 gold pieces
 42496 | Snake:4  | Entered Level 4 of the Snake Pit
 42507 | Snake:4  | Noticed Kirke
 42563 | Snake:3  | Killed Kirke
 42694 | Snake:4  | Reached skill level 5 in Armour
 43100 | Snake:4  | Found Hunur's Antique Weapon Boutique.
 43137 | Snake:4  | Identified the ring of the Median {rElec rC+ Will++ Int-4}
 43334 | Snake:4  | Reached XP level 18. HP: 93/163 MP: 21/21
 43550 | Snake:4  | Received a gift from Okawaru
 43551 | Snake:4  | Reached skill level 10 in Armour
 44065 | Snake:4  | Got a serpentine rune of Zot
 44506 | D:13     | Killed diceflayer's ghost
 44714 | Snake:3  | Bought a +1 pair of gloves for 126 gold pieces
 44821 | Shoals:1 | Entered Level 1 of the Shoals
 44918 | Shoals:1 | Noticed Mlioglotl
 44926 | Shoals:1 | Killed Mlioglotl
 45016 | Shoals:1 | Reached skill level 10 in Invocations
 45925 | Shoals:2 | Found Ogeaveis's Gadget Gallery.
 45935 | Shoals:2 | Identified the +4 ring mail "Warionur" {*Corrode rPois rF+
                  | Will+}
 46310 | Shoals:2 | Noticed Jorgrun
 46317 | Shoals:2 | Noticed Ilsuiw
 46321 | Shoals:2 | Noticed Polyphemus
 46323 | Shoals:2 | Killed Jorgrun
 46492 | Shoals:2 | Killed Polyphemus
 46706 | Shoals:2 | Identified the +0 animal skin of Weelufyph {Contam Rampage
                  | +Inv rElec}
 46745 | Shoals:3 | Noticed Heezod's ghost (journeyman MiBe)
 46745 | Shoals:3 | Noticed Tang's ghost (adept TeAE)
 46745 | Shoals:3 | Found a runed translucent gate.
 46745 | Shoals:3 | Found a runed translucent gate.
 46745 | Shoals:3 | Found a runed translucent gate.
 46839 | Shoals:3 | Identified the scarf of the Moon Troll {+Inv, rElec Dex+3}
                  | (Okawaru gifted it to you on level 3 of the Shoals)
 46839 | Shoals:3 | Received a gift from Okawaru
 47601 | Shoals:3 | Noticed Qatuad's ghost (adept GnFi)
 47718 | Shoals:4 | Entered Level 4 of the Shoals
 47935 | Shoals:4 | Reached XP level 19. HP: 62/170 MP: 20/26
 48497 | Shoals:4 | Found Foyn's Weapon Shoppe.
 48884 | Shoals:4 | Got a barnacled rune of Zot
 49089 | Shoals:2 | Killed Ilsuiw
 49365 | Vaults:1 | Entered Level 1 of the Vaults
 49393 | Vaults:1 | Found Towuicif's Antique Armour Shoppe.
 49478 | Vaults:1 | Found Alok's Book Shoppe.
 49614 | Vaults:1 | Found Zudah's Armour Shoppe.
 49618 | Vaults:1 | Found a flickering gateway to a bazaar.
 49656 | Bazaar   | Entered a bazaar
 49677 | Bazaar   | Found Itziugun's Magic Scroll Shoppe.
 49677 | Bazaar   | Found Hekegui's Weapon Emporium.
 49699 | Bazaar   | Found Vothylig's Magic Scroll Shoppe.
 49699 | Bazaar   | Found Dos Lev's Armour Emporium.
 49721 | Bazaar   | Found Yvott's Book Shoppe.
 49721 | Bazaar   | Found Veabewkadi's Assorted Antiques.
 49775 | Bazaar   | Bought a scroll of blinking for 97 gold pieces
 49775 | Bazaar   | Bought a scroll of teleportation for 39 gold pieces
 49775 | Bazaar   | Bought a scroll of teleportation for 39 gold pieces
 49775 | Bazaar   | Bought a scroll of teleportation for 39 gold pieces
 49789 | Bazaar   | Bought a scroll of teleportation for 45 gold pieces
 49815 | Bazaar   | Bought a potion of might for 96 gold pieces
 49815 | Bazaar   | Bought a scroll of teleportation for 72 gold pieces
 49815 | Bazaar   | Bought a scroll of fog for 96 gold pieces
 49967 | Vaults:1 | Bought a manual of Armour for 1120 gold pieces
 50294 | Vaults:1 | Identified the +1 executioner's axe "Afurrudgh" {freeze,
                  | rF- rC++ Int+3} (Okawaru gifted it to you on level 1 of the
                  | Vaults)
 50294 | Vaults:1 | Received a gift from Okawaru
 50644 | Vaults:1 | Reached skill level 15 in Armour
 50889 | Vaults:1 | Bought a runed helmet for 270 gold pieces
 51184 | Vaults:2 | Received a gift from Okawaru
 51535 | Vaults:2 | Reached XP level 20. HP: 178/178 MP: 27/27
 51683 | Vaults:2 | Identified the +9 crystal plate armour "Bonuph" {Dex+3}
                  | (Okawaru gifted it to you on level 2 of the Vaults)
 51683 | Vaults:2 | Received a gift from Okawaru
 51903 | Vaults:2 | Found Feoxesafi's Magic Scroll Shop.
 51931 | Vaults:2 | Found Yginei Xout's Distillery.
 51937 | Vaults:2 | Bought a potion of heal wounds for 65 gold pieces
 51937 | Vaults:2 | Bought a potion of heal wounds for 65 gold pieces
 51937 | Vaults:2 | Bought a potion of haste for 130 gold pieces
 51937 | Vaults:2 | Bought 2 potions of resistance for 260 gold pieces
 51937 | Vaults:2 | Bought a potion of might for 52 gold pieces
 52432 | Vaults:2 | Found Imucsuw's Antique Armour Shop.
 52969 | Vaults:3 | Found Sylesuoz's Distillery.
 52979 | Vaults:3 | Bought a potion of haste for 210 gold pieces
 52979 | Vaults:3 | Bought a potion of heal wounds for 105 gold pieces
 52987 | Vaults:3 | Found Tiuq's Weapon Boutique.
 53033 | Vaults:3 | Found Kagiatsa's Antique Armour Shoppe.
 53375 | Vaults:3 | Found Hosoocw's Book Emporium.
 53435 | Vaults:3 | Received a gift from Okawaru
 53585 | Vaults:3 | Found Giunnuuc's Jewellery Emporium.
 53746 | Vaults:3 | Noticed astronautguy's ghost (master FoEE)
 53748 | Vaults:3 | Noticed a dread lich
 53748 | Vaults:3 | Found a transporter.
 53798 | Vaults:3 | Found a transporter.
 54106 | Vaults:3 | Found a staircase to the Crypt.
 54472 | Vaults:4 | Reached skill level 15 in Dodging
 54472 | Vaults:4 | Reached XP level 21. HP: 179/184 MP: 28/28
 55044 | Vaults:4 | Found Haiv's Magic Scroll Emporium.
 55742 | Elf:1    | Entered Level 1 of the Elven Halls
 55897 | Elf:1    | You fall into a shaft and drop 1 floor!
 55903 | Elf:2    | Received a gift from Okawaru
 56057 | Elf:1    | Paralysed by an air elemental for 1 turns
 56458 | Elf:2    | Found a runed translucent gate.
 56458 | Elf:2    | Found a runed translucent gate.
 56458 | Elf:2    | Found a runed translucent gate.
 56571 | Elf:2    | Received a gift from Okawaru
 56925 | Elf:2    | Reached XP level 22. HP: 191/199 MP: 29/29
 57216 | Elf:3    | Entered Level 3 of the Elven Halls
 57233 | Elf:3    | Acquired 986 gold pieces
 57373 | Elf:3    | Paralysed by an air elemental for 1 turns
 57377 | Elf:3    | Paralysed by an air elemental for 1 turns
 57841 | Elf:3    | Received a gift from Okawaru
 57991 | Elf:3    | Found Oxodweug's Antique Weapon Emporium.
 58463 | Elf:3    | Identified the amulet "Oshruiqegg" {Reflect Harm rF+++ rC-
                  | Will- SH+5}
 58516 | Elf:3    | Identified the ring "Ziachuaf" {rPois Dex+4}
 58595 | Elf:3    | Identified the +9 halberd "Zuozoset" {antimagic, Fragile
                  | rPois rC++ Dex+2}
 58805 | Elf:3    | Identified the +2 arbalest "Anutapt" {penet, rN++ Str+2}
 58870 | Elf:3    | Identified the +6 hand crossbow of Voasi {heavy, rC-
                  | Will+++ rCorr Int-2}
 58876 | Elf:3    | Got Dispater's Quarto of Conjuration
 58893 | Elf:3    | Identified the staff of cold "Xoju" {rC+ rN+}
 58905 | Elf:3    | Got the Incunable of Puissant Companions
 59197 | D:15     | Entered Level 15 of the Dungeon
 59659 | D:15     | Identified the +1 pair of boots "Ritiaf Abext" {rElec rC+}
                  | (Okawaru gifted it to you on level 15 of the Dungeon)
 59659 | D:15     | Received a gift from Okawaru
 59666 | D:15     | Found a staircase to the Depths.
 59943 | Depths:1 | Entered Level 1 of the Depths
 60012 | Depths:1 | Identified the +1 leather armour "Zuewezxuo" {Will+ Str+4
                  | Dex+3}
 60148 | Depths:1 | Found a gateway to Hell.
 60155 | Depths:1 | Identified the +2 chain mail "Dutum" {Rampage MP+9 Str+3}
 60323 | Depths:1 | Found Ciugim's Book Shop.
 60324 | Depths:1 | Found Alawka's Jewellery Shoppe.
 60325 | Depths:1 | Found Diam's Book Shop.
 60509 | Depths:2 | Reached XP level 23. HP: 180/223 MP: 30/30
 60918 | Depths:2 | Found a one-way gateway to a ziggurat.
 61097 | Depths:2 | Gained mutation: You are occasionally teleported next to
                  | monsters. [a neqoxec]
 61098 | Depths:2 | Found a one-way gate leading to the halls of Pandemonium.
 61101 | Depths:2 | Lost mutation: You are occasionally teleported next to
                  | monsters. [potion of mutation]
 61101 | Depths:2 | Gained mutation: Your spells are a little easier to cast,
                  | but a little less powerful. [potion of mutation]
 61204 | Depths:2 | Found a glowing golden altar of the Shining One.
 61526 | Depths:2 | Identified the +3 plate armour of Duck's Teeth {+Blink
                  | Dex+2} (Okawaru gifted it to you on level 2 of the Depths)
 61526 | Depths:2 | Received a gift from Okawaru
 61566 | Depths:3 | Found Wufibb's Antique Armour Shop.
 61617 | Depths:3 | Identified the ring "Hehof" {rF+ Int+6 Dex+4 SInv}
 61661 | Depths:3 | Found a transporter.
 61735 | Depths:3 | Found a transporter.
 61894 | Depths:3 | Found a magical portal.
 61915 | WizLab   | Entered The Hall of the Hellbinder
 61993 | WizLab   | Gained mutation: You sometimes lose your temper in combat.
                  | [a cacodemon]
 62239 | WizLab   | Noticed Ucozeplix
 62256 | WizLab   | Killed Ucozeplix the Hellbinder
 62362 | WizLab   | Found a burning altar of Makhleb.
 62377 | WizLab   | Identified the +1 cloak of the Blue Moon {MP+9}
 62399 | WizLab   | Identified the ring "Naorroi" {rN+ Str+2 Int+6 Slay-3}
 62401 | WizLab   | Identified the ring of Seasul {Drain rC+ Will+ Str+3 Dex+6
                  | SInv}
 63133 | Depths:3 | Bought a runed helmet for 150 gold pieces
 63154 | Depths:4 | Entered Level 4 of the Depths
 63452 | Depths:4 | Lost mutation: Your spells are a little easier to cast, but
                  | a little less powerful. [potion of mutation]
 63452 | Depths:4 | Lost mutation: You sometimes lose your temper in combat.
                  | [potion of mutation]
 63452 | Depths:4 | Gained mutation: Your magical capacity is low. (-10% MP)
                  | [potion of mutation]
 63452 | Depths:4 | Gained mutation: Your mind is acute. (Int +4, Str/Dex -1)
                  | [potion of mutation]
 63452 | Depths:4 | Gained mutation: Your movements are slightly less
                  | encumbered by armour. (ER -2) [potion of mutation]
 63729 | Depths:4 | Found a gate to the Realm of Zot.
 63783 | Depths:4 | Identified the +0 lajatang of the Lettuce {holy, rN+ Int-3
                  | Dex+7 Stlth-}
 63914 | Depths:4 | Identified the +0 robe of the Voivode {rElec Int+3}
                  | (Okawaru gifted it to you on level 4 of the Depths)
 63914 | Depths:4 | Received a gift from Okawaru
 63962 | Depths:4 | Found an ornate altar of the Wu Jian Council.
 64045 | Depths:4 | Noticed a caustic shrike
 64045 | Depths:4 | Noticed a caustic shrike
 64045 | Depths:4 | Noticed a caustic shrike
 64053 | Depths:4 | Killed a caustic shrike
 64058 | Depths:4 | Killed a caustic shrike
 64062 | Depths:4 | Killed a caustic shrike
 64585 | Vaults:5 | Entered Level 5 of the Vaults
 64600 | Vaults:5 | Reached XP level 24. HP: 221/231 MP: 27/27
 64624 | Vaults:5 | Noticed an ancient lich
 64664 | Vaults:5 | Killed an ancient lich
 65033 | Vaults:5 | Identified the +8 dire flail "Odof Nae" {chaos, rElec rF+
                  | Int+3}
 65253 | Vaults:5 | Noticed Sojobo
 65285 | Vaults:5 | Paralysed by an air elemental for 1 turns
 65293 | Vaults:5 | Killed Sojobo
 65845 | Vaults:5 | Noticed an ancient lich
 65858 | Vaults:5 | Killed an ancient lich
 65866 | Vaults:5 | Identified the +1 robe "Muoll" {rF- Slay+5} (Okawaru gifted
                  | it to you on level 5 of the Vaults)
 65866 | Vaults:5 | Received a gift from Okawaru
 65873 | Vaults:5 | Identified the +3 war axe "Uqucw" {antimagic, Fly Str+3
                  | SInv}
 65881 | Vaults:5 | Identified the +2 trident of the Undead {speed, Int+2
                  | Stlth+}
 66209 | Vaults:5 | Identified the staff of cold "Daavonib" {rElec rC+ Will+++
                  | Int-5 Dex-3}
 66553 | Vaults:5 | Identified the +0 scale mail of Caas {Will+}
 66564 | Vaults:5 | Got a silver rune of Zot
 66780 | Vaults:5 | Identified the +1 robe of the Barber Surgeon {Will++}
 66788 | Vaults:5 | Identified the +0 robe of the Sturgeon {+Blink Dex+2 Stlth+
                  | Archmagi}
 67351 | Zot:1    | Entered Level 1 of the Realm of Zot
 67406 | Zot:1    | Reached XP level 25. HP: 208/238 MP: 27/27
 67601 | Zot:1    | Noticed Vv
 67636 | Zot:1    | Killed Vv
 68476 | Zot:2    | Received a gift from Okawaru
 68637 | Zot:2    | Found a transporter.
 68643 | Zot:2    | Found a transporter.
 68644 | Zot:2    | Noticed a dread lich
 68709 | Zot:2    | Received a gift from Okawaru
 69052 | Zot:2    | Identified the +1 spear of Anger {freeze, rN+ Str+3 Dex+4}
 69347 | Zot:2    | Found a transporter.
 69506 | Zot:2    | Found a transporter.
 69506 | Zot:2    | Found a transporter.
 69572 | Zot:3    | Found a runed translucent gate.
 69572 | Zot:3    | Found a runed translucent gate.
 69573 | Zot:3    | Found a runed translucent gate.
 69656 | Zot:3    | Found a huge runed gate.
 69656 | Zot:3    | Found a huge runed gate.
 69656 | Zot:3    | Found a huge runed gate.
 69656 | Zot:3    | Found a huge runed gate.
 69658 | Zot:3    | Found a huge runed gate.
 69679 | Zot:3    | Found a huge runed gate.
 69679 | Zot:3    | Found a huge runed gate.
 69680 | Zot:3    | Found a huge runed gate.
 69694 | Zot:3    | Found a huge runed gate.
 69696 | Zot:3    | Found a huge runed gate.
 69705 | Zot:3    | Found a huge runed gate.
 69705 | Zot:3    | Found a huge runed gate.
 69705 | Zot:3    | Found a huge runed gate.
 69705 | Zot:3    | Found a huge runed gate.
 69705 | Zot:3    | Found a huge runed gate.
 69705 | Zot:3    | Found a huge runed gate.
 69706 | Zot:3    | Found a huge runed gate.
 69707 | Zot:3    | Found a huge runed gate.
 69708 | Zot:3    | Found a huge runed gate.
 69730 | Zot:3    | Found a huge runed gate.
 69898 | Zot:3    | Found a huge runed gate.
 69898 | Zot:3    | Found a huge runed gate.
 69898 | Zot:3    | Found a huge runed gate.
 69898 | Zot:3    | Found a huge runed gate.
 69899 | Zot:3    | Found a huge runed gate.
 70373 | Zot:3    | Found a huge runed gate.
 70373 | Zot:3    | Found a huge runed gate.
 70373 | Zot:3    | Found a huge runed gate.
 70380 | Zot:3    | Found a huge runed gate.
 70380 | Zot:3    | Found a huge runed gate.
 70380 | Zot:3    | Found a huge runed gate.
 70380 | Zot:3    | Found a huge runed gate.
 70380 | Zot:3    | Found a huge runed gate.
 70381 | Zot:3    | Found a huge runed gate.
 70382 | Zot:3    | Found a huge runed gate.
 70383 | Zot:3    | Found a huge runed gate.
 70483 | Zot:3    | Killed from afar by a quicksilver dragon

Illustrated notes

Levels and vault maps discovered:
D:1:      amcnicky_arrival_single_pillar, layout_loops_cross, fountainhead
D:2:      layout_basic, hellmonk_ecumenical_altar_crossroads, minivault_23,
          uniq_sigmund, uniq_robin, uniq_natasha
D:3:      layout_basic, mainiacjoe_overflow_alcove_4, xom_teletrap_fun,
          amethyst_killhole, nrook_uturn
D:4:      layout_layer_cave, gup_ossuary_entry_pyramid, serial_shops, shop,
          gammafunk_ghost_arena
D:5:      layout_cave_pools, mainiacjoe_overflow_24_doors,
          minmay_temple_entry_proselytizer, serial_shops, shop,
          uniq_blork_the_orc
D:6:      layout_gridville, kiku_gazebo_pond_becter, kennysheep_pointless_box,
          uniq_grinder
D:7:      layout_loops_ring, nemelex_xobeh_ov_fountains_minmay,
          minmay_misc_feat_four_crosses
D:8:      layout_basic, enter_bailey_2, gammafunk_ghost_wrathful_warriors,
          nicolae_hexahallways, uniq_joseph
D:9:      layout_roguey, lair_entry_dummy, minmay_misc_feat_doors
D:10:     layout_basic, serial_shops, nicolae_shop_tiny_statue_garden
D:11:     layout_cave_pods, erik_orc_3
D:12:     minmay_the_grid_triangle_9x9_rhombus_full_mashed
          [minmay_the_grid_triangle_9x9_alien,
          minmay_the_grid_triangle_9x9_fully_insulated_deathbox,
          minmay_the_grid_triangle_9x9_sprig,
          minmay_the_grid_triangle_9x9_negative_grid,
          minmay_the_grid_triangle_9x9_odd_lines,
          minmay_the_grid_triangle_9x9_corrupted_corridor,
          minmay_the_grid_triangle_9x9_swiss_cheese,
          minmay_the_grid_triangle_9x9_prize_top_heavy], layout_loops_ring
D:13:     minmay_opposing_rooms, layout_cave_pools,
          grunt_vaults_entry_fortified, gammafunk_ghost_hive,
          nicolae_uskayaw_dance_hall, uniq_snorg, uniq_josephine, uniq_rupert
D:14:     layout_stronghold, dk_noncrumbling_4, serial_shops, shop,
          nicolae_specific_store
D:15:     grunt_enter_depths_magical_seal, layout_loops_ring, abandoned_shop
Lair:1:   layout_misc_corridors, chequers_serial_rivers_small_a,
          serial_bayou_shore_a, serial_bayou_shore_b, serial_bayou_shore_b,
          grunt_megastairs_1
Lair:2:   layout_regular_city, guppyfry_snake_entry_island,
          grunt_forest_large_clearings
Lair:3:   layout_regular_city, elwin_shoals_entry_rooms,
          portal_ice_cave_entry_imps, serial_bayou_lagoon_b,
          infiniplex_staircase_pool_2
Lair:4:   layout_layer_cave, minmay_slime_entry_oklob_enclosed, special_room
          [special_room_bee], grunt_megastairs_5
Lair:5:   hellmonk_lair_end_abyssal_woods, layout_cave_pods,
          eino_house_with_fridge, grunt_megastairs_4
Shoals:1: layout_shoals, uniq_mlioglotl
Shoals:2: argonaut_golden_fleece, layout_shoals, nicolae_shop_gadgets,
          uniq_polyphemus, uniq_jorgrun, uniq_ilsuiw
Shoals:3: layout_shoals, gammafunk_ghost_cemetery,
          nicolae_shoals_kraken_intersection
Shoals:4: shoals_end_simple, layout_shoals, serial_shops, shop
Snake:1:  layout_basic, serial_corexii_hall, chequers_hall_statues_corner_a,
          chequers_hall_statues_y, serial_shops, nicolae_shop_back_alley_shop
Snake:2:  nicolae_snake_nest, layout_cave_shapes
Snake:3:  layout_cave_shapes, minmay_shoptagon
Snake:4:  johnstein_snake_rune_scales, layout_cave_town, serial_shops,
          nicolae_shop_tiny_real_fake_doors, lemuel_fruit_tree, uniq_kirke
Orc:1:    layout_caves, serial_shops, mines_bat_river
Orc:2:    grunt_orc_cross, layout_diamond_mine, lightli_church_of_beogh
Elf:1:    layout_gridlike, minmay_elf_demonology, guppyfry_library_mini
Elf:2:    elven_hall_of_blades_hangedman_original
          [infiniplex_blade_entry_pillars], layout_onion_city
Elf:3:    grunt_elf_hall_asides, layout_gridlike, serial_shops, shop,
          serial_glass, glass_columns_b, glass_columns_b
Vaults:1: v_misc_12, v_pattern_1, nicolae_vaults_disjoint_gnomons,
          nicolae_vaults_lightning_bolt, v_alt_pattern_4, vaults_room_pools,
          nicolae_vaults_apartment_1, v_misc_22,
          nicolae_vaults_heart-shaped_vault, vaults_room_door_ring,
          vaults_mumra_hex, hangedman_vaults_nails, layout_vaults_omnicross,
          serial_shops, bzr_in_the_mist, shop, shop, nicolae_shop_scrapyard
Vaults:2: nicolae_vaults_closet_pinwheel_4, v_rooms_3,
          hangedman_vaults_capsules, nicolae_vaults_tetromino_T_1,
          nicolae_vaults_circle_grid_b, hangedman_vaults_trim,
          nicolae_vaults_trapezoid_lopsided_1,
          nicolae_vaults_heart-shaped_vault, layout_vaults_quadrants,
          serial_shops, nicolae_shop_hallway_stairs,
          nicolae_shop_industrial_runoff, shop
Vaults:3: gammafunk_ghost_mausoleum, ontoclasm_vaults_ring_small,
          nicolae_vaults_little_squares_3, minmay_crypt_entry_simple_corners,
          nicolae_vaults_more_shelving_1, vaults_room_pool,
          ontoclasm_vaults_pinch, nicolae_vaults_storage_closets_3,
          ontoclasm_vaults_shuriken, nicolae_vaults_double_plus_1,
          vaults_dpeg_emergency_exit, layout_vaults_chaotic_city, serial_shops,
          nicolae_square_shop, nicolae_book_shop_shelving,
          nicolae_shop_window_shopping, nicolae_shop_bloodbath_and_beyond, shop
Vaults:4: st_octagons_2, v_misc_25, vaults_room_fours,
          nicolae_vaults_trapezoid_2, vaults_mumra_chevron_long,
          vaults_room_door_ring, ontoclasm_vaults_twist, v_alt_pattern_3,
          nicolae_vaults_ring_of_whatevers, layout_vaults_ring, serial_shops,
          nicolae_shop_crystal
Vaults:5: uniq_sojobo
Depths:1: layout_cave_shapes, minivault_14, lightli_too_deep,
          ebering_dispersal_statue_hall, st_stairs_8, dpeg_stationary_puzzle,
          minmay_shop_grove
Depths:2: wander_protected_by_tso, layout_gridville, enter_ziggurat_c,
          chequers_decorated_corner, grunt_pan_entry_in_and_out, hell_entry
Depths:3: gammafunk_its_a_trap, layout_gridlike, hangedman_decor_lopped,
          serial_shops, nicolae_stop_n_shop_1, mu_enter_wizlab_6, abyss_entry,
          hell_entry, kennysheep_generic_room_5, minmay_staircase_statues
Depths:4: grunt_crosshair, layout_gridlike, rand_demon_pan_entry_5,
          abyss_entry_crystal, hell_entry, nzn_wu_jian_council_hall,
          serial_sigils_hangedman_leer, hex_intersection
Zot:1:    layout_misc_corridors, uniq_vv, uniq_josephina
Zot:2:    gammafunk_the_bubble [the_bubble_gammafunk_roulette], layout_gridlike
Zot:3:    layout_gridlike, gammafunk_ghost_ooze, door_vault

Skill      XL: |  1  2  3  4  5  6  7  8  9 10 11 12 13 14 15 16 17 18 19 20 21 22 23 24 25 |
---------------+----------------------------------------------------------------------------+-----
Spellcasting   | 2 |  2.0
Conjurations   | 2 3 4 5 6 7 8 9 |  9.0
Air Magic      | 3 4 5 6 7 8 |  8.0
Fighting       | 5 6 10 12 15 17 22 | 22.6
Shields        | 5 12 13 15 16 18 19 20 22 | 22.0
Invocations    | 4 5 10 12 | 12.0
Axes           | 3 10 13 | 13.0
Dodging        | 2 6 8 10 11 13 15 18 20 22 | 22.0
Armour         | 9 12 16 19 22 | 22.0
Stealth        | |  1.5

Action                     |  1- 3 |  4- 6 |  7- 9 | 10-12 | 13-15 | 16-18 | 19-21 | 22-24 | 25-27 || total
---------------------------+-------+-------+-------+-------+-------+-------+-------+-------+-------++-------
  Melee: Short sword       |     4 |       |       |       |       |       |       |       |       ||     4
         Whip              |     5 |    17 |    41 |    20 |       |       |       |       |       ||    83
         Staff             |       |       |     4 |    10 |     5 |       |       |       |       ||    19
         Punch             |       |       |     1 |       |       |       |       |       |       ||     1
         Broad axe         |       |       |       |    84 |  1210 |  1235 |  1299 |  1567 |   435 ||  5830
  Throw: Dart              |       |     3 |       |    17 |     2 |       |       |       |       ||    22
   Cast: Shock             |    60 |   111 |   369 |   412 |   451 |    79 |     2 |     2 |     1 ||  1487
         Static Discharge  |       |       |    13 |   138 |   116 |     8 |       |       |       ||   275
 Invoke: Heroism           |       |       |       |     4 |    37 |    38 |    17 |    22 |    10 ||   128
         Finesse           |       |       |       |       |     2 |     2 |       |       |     1 ||     5
  Evoke: Wand              |       |       |       |     8 |    11 |    16 |       |    19 |       ||    54
    Use: Potion            |       |     1 |       |     2 |     3 |     6 |     5 |     5 |     1 ||    23
         Scroll            |       |       |     5 |     5 |    13 |    12 |     9 |     5 |       ||    49
   Stab: Sleeping          |       |       |       |     1 |     3 |    10 |    15 |       |       ||    29
         Distracted        |       |       |       |       |     5 |     2 |     3 |       |       ||    10
 Armour: Robe              |     2 |     7 |    46 |    30 |   109 |     6 |       |       |       ||   200
         Steam dragon scal |       |       |       |     1 |    64 |       |       |       |       ||    65
         Troll leather arm |       |       |       |       |       |   118 |    89 |       |       ||   207
         Crystal plate arm |       |       |       |       |       |       |   453 |   992 |   296 ||  1741
  Dodge: Dodged            |     5 |    46 |   108 |    51 |   475 |   500 |   508 |   534 |   202 ||  2429
  Block: Tower shield      |       |       |       |   544 |  2350 |  2212 |  2450 |  2729 |   808 || 11093
         Reflection        |       |       |       |       |       |    12 |       |       |       ||    12
